 Dungeon Crawl Stone Soup version 0.21.1-1-g345015fe64 (webtiles) character file.

35 Htamos the Cudgeler (level 3, 0/31 HPs)
             Began as a Formicid Gladiator on July 15, 2018.
             Slain by a worm (9 damage)
             ... on level 2 of the Dungeon.
             The game lasted 00:01:38 (1139 turns).

Htamos the Cudgeler (Formicid Gladiator)            Turns: 1139, Time: 00:01:38

Health: 0/31       AC:  2    Str: 19    XL:     3   Next: 52%
Magic:  3/3        EV: 11    Int:  7    God:
Gold:   23         SH:  3    Dex: 12    Spells: 2/2 levels left

rFire    . . .     SeeInvis +   a - +0 flail
rCold    . . .     Gourm    .   h - +0 buckler
rNeg     . . .     Faith    .   i - +0 ring mail
rPois    .         Spirit   .   (helmet unavailable)
rElec    .         Reflect  .   (no cloak)
rCorr    .         Harm     .   (no gloves)
MR       .....                  (no boots)
Stlth    ..........             (no amulet)
HPRegen  0.10/turn              (no ring)
MPRegen  0.08/turn              (no ring)

@: no status effects
A: permanent stasis, dig shafts and tunnels, four strong arms, antennae 3,
hooves 1, deformed body, robust 1
a: Dig, Shaft Self


You were on level 2 of the Dungeon.
You were hungry.

You visited 1 branch of the dungeon, and saw 2 of its levels.

You collected 23 gold pieces.

Inventory:

Hand Weapons
 a - a +0 flail (weapon)
Missiles
 c - 3 throwing nets (quivered)
Armour
 b - a +0 leather armour
 h - a +0 buckler (worn)
 i - a +0 ring mail (worn)
Jewellery
 n - an uncursed ring of protection from cold {unknown}
Scrolls
 e - a scroll of magic mapping {unknown}
 f - a scroll of remove curse {unknown}
 j - a scroll of amnesia {unknown}
 k - a scroll of identify {unknown}
 l - a scroll of enchant armour {unknown}
 m - a scroll of teleportation {unknown}
Comestibles
 d - 2 rations


   Skills:
 + Level 3.2 Fighting
 + Level 3.7 Maces & Flails
 - Level 2.0 Throwing
 - Level 2.6 Dodging


You had 2 spell levels left.
You didn't know any spells.

Dungeon Overview and Level Annotations

Branches:
Dungeon (2/15)

Altars:
Ru


Innate Abilities, Weirdness & Mutations

You cannot be hasted, slowed, berserked, paralysed or teleported.
You can dig through walls and to a lower floor.
Your four strong arms can wield two-handed weapons with a shield.
You have a pair of large antennae on your head. (SInv)
You have large cloven feet.
Armour fits poorly on your strangely shaped body.
You are robust. (+10% HP)


Message History

The ball python bites you but does no damage.
* * * LOW HITPOINT WARNING * * *
The ball python constricts you.
You closely miss the ball python. Your kick misses the ball python.
The ball python bites you.
* * * LOW HITPOINT WARNING * * *
The ball python constricts you. The ball python barely misses you.
The ball python constricts you.
You sock the ball python!
You kill the ball python!
You sock the rat!
You kill the rat!
There is an open door here.
Items here: $ )) ? † a short sword; an arbalest; a scroll labeled YHOUCENNUOSEU; 9 gold pieces an adder corpse You hit the worm.
You kick the worm, but do no damage.
The worm is moderately wounded.
The worm bites you!
You die...

####### ##...!.##
#.......#
.#.......##############
.'.$._...)w@.....>....#
.#..?....###..###.###.#
#.......# #..# #...#.#
##.....## #..#####.#.#
####### #.....##...#
#.# #.###.###### #.#
#...#.# #.## #...#.# {
#..# ##...#.#


You could see a worm.

Vanquished Creatures
  2 adders (D:2)
  A leopard gecko (D:1)
  A giant cockroach (D:1)
  A goblin (D:2)
  A hobgoblin (D:2)
  2 ball pythons
  4 bats (D:1)
  2 kobolds
  2 rats
16 creatures vanquished.

Notes
Turn   | Place    | Note
-------+----------+-------------------------------------------
     0 | D:1      | Htamos the Formicid Gladiator began the quest for the Orb.
     0 | D:1      | Reached XP level 1. HP: 16/16 MP: 1/1
   258 | D:1      | Reached XP level 2. HP: 23/23 MP: 2/2
   930 | D:2      | Reached XP level 3. HP: 25/29 MP: 3/3
  1027 | D:2      | Found a sacrificial altar of Ru.
  1128 | D:2      | Gained mutation: You are robust. (+10% HP) [potion of mutation]
  1128 | D:2      | Gained mutation: Armour fits poorly on your strangely shaped body. [potion of mutation]
  1128 | D:2      | Gained mutation: You have large cloven feet. [potion of mutation]
  1139 | D:2      | Slain by a worm

Skill      XL: |  1  2 |
---------------+-------+-----
Fighting       | 3 |  3.2
Maces & Flails | |  3.7
Throwing       | |  2.0
Dodging        | |  2.6

Action                   || total
-------------------------++-------
Melee: Flail             ||    49
       Kick              ||     1
  Use: Potion            ||     1
Armor: Ring mail         ||    21
       Leather armour    ||     2
Dodge: Dodged            ||    37
Block: Buckler           ||     3
